 Dungeon Crawl Stone Soup version 0.26-a0-646-g5d7718319a (webtiles) character file.

Game seed: 13731396424784489476

30 DogServant the Caller (level 3, 18/20 HPs)
             Began as a Tengu Summoner on Sept 24, 2020.
             Quit the game on level 2 of the Dungeon.
             The game lasted 00:02:16 (1936 turns).

DogServant the Caller (Tengu Summoner)              Turns: 1936, Time: 00:02:17

Health: 18/20      AC:  3    Str:  9    XL:     3   Next: 18%
Magic:  3/7        EV: 12    Int: 15    God:
Gold:   66         SH:  0    Dex: 14    Spells: 5/6 levels left

rFire    . . .     SeeInvis .   c - +0 whip
rCold    . . .     Faith    .   (no shield)
rNeg     . . .     Spirit   .   j - +0 leather armour
rPois    .         Reflect  .   (helmet restricted)
rElec    .         Harm     .   (no cloak)
rCorr    .         Rampage  .   (no gloves)
MR       .....                  (boots unavailable)
Stlth    ++........             (no amulet)
HPRegen  0.06/turn              (no ring)
MPRegen  0.10/turn              (no ring)

@: no status effects
A: beak, talons 3
a: no special abilities


You were on level 2 of the Dungeon.
You visited 1 branch of the dungeon, and saw 2 of its levels.

You collected 66 gold pieces.

Inventory:

Hand Weapons
 c - a +0 whip (weapon)
Missiles
 h - 2 throwing nets (quivered)
Armour
 a - a +0 robe
 j - a +0 leather armour (worn)
Scrolls
 b - 2 scrolls of identify {unknown}
 f - a scroll of blinking {unknown}
 i - a scroll of enchant armour {unknown}
 k - a scroll of teleportation {unknown}
Potions
 e - 3 potions of curing {unknown}
 g - a potion of invisibility {unknown}


   Skills:
 + Level 1.1 Fighting
 - Level 0.2 Maces & Flails
 - Level 2.1 Dodging
 - Level 2.1 Stealth
 + Level 2.3 Spellcasting
 + Level 5.3 Summonings


You had 5 spell levels left.
You knew the following spells:

 Your Spells              Type           Power        Failure   Level
a - Summon Small Mammal   Summ           ###.         3%          1

Your spell library contained the following spells:

 Spells                   Type           Power        Failure   Level
 Call Imp                 Summ           ###.....     4%          2
 Call Canine Familiar     Summ           ###.....     10%         3
 Summon Guardian Golem    Hex/Summ       #.......     30%         3
 Summon Ice Beast         Ice/Summ       #.......     69%         4
 Summon Lightning Spire   Summ/Air       #.......     69%         4


Dungeon Overview and Level Annotations

Branches:
Dungeon (2/15)

Altars:


Innate Abilities, Weirdness & Mutations

You have a beak for a mouth.
You have claws for feet.


Message History

You closely miss the adder.
The adder is almost dead.
Your quokka barely misses the adder. x2; The adder barely misses you.
Your quokka barely misses the adder.
Unknown command.
You miss the adder. Your peck misses the adder.
The adder is almost dead.
Your quokka bites the adder.
The adder dies!
You have reached level 3!
Your experience leads to an increase in your attributes!
Increase (S)trength, (I)ntelligence, or (D)exterity?
You feel stronger.
Unknown command.
Unknown command.
Casting: Summon Small Mammal (safe; 3% risk of failure)
Confirm with . or Enter, or press ? or * to list all spells.
You don't know that spell.
Unknown command.
Are you sure you want to abandon this character and quit the game? (Confirm with "yes".)

#. ### .. ... #
#.#.. #. ...## #.
....# .. #...
.###..# ##.#
......########..#
##..@r......##
#.>.rr...####
#...#####...#
#.#.# ###.### ..
#.# ###....# ..
#<####...#### .
#......###
########


You could see 3 friendly quokkas.

Vanquished Creatures
  A leopard gecko (D:1)
  2 giant cockroaches (D:1)
  5 goblins (D:1)
  A hobgoblin (D:1)
  5 bats (D:1)
  A frilled lizard (D:1)
  A kobold (D:1)
  3 rats (D:1)
19 creatures vanquished.

Vanquished Creatures (collateral kills)
  An adder (D:2)
  A goblin (D:1)
2 creatures vanquished.

Grand Total: 21 creatures vanquished

Notes
Turn   | Place    | Note
-------+----------+-------------------------------------------
     0 | D:1      | DogServant the Tengu Summoner began the quest for the Orb.
     0 | D:1      | Reached XP level 1. HP: 10/10 MP: 4/4
   286 | D:1      | Reached skill level 5 in Summonings
   384 | D:1      | Reached XP level 2. HP: 12/15 MP: 6/6
  1368 | D:1      | Reached skill level 1 in Fighting
  1935 | D:2      | Reached XP level 3. HP: 18/20 MP: 3/7
  1936 | D:2      | Quit the game

Illustrated notes

Levels and vault maps discovered:
D:1:      evilmike_arrival_hilbert_curve, layout_loops_ring
D:2:      layout_rooms, nicolae_overflow_crystal_walls,
          chequers_ecumenical_altar_simple_redux,
          nicolae_qazlal_style_of_elements, uniq_terence

Skill      XL: |  1  2 |
---------------+-------+-----
Summonings     | 5 |  5.3
Fighting       | 1 |  1.1
Maces & Flails | |  0.2
Dodging        | |  2.1
Stealth        | |  2.1
Spellcasting   | |  2.3

Action                   || total
-------------------------++-------
Melee: Whip              ||    46
       Unarmed           ||     5
       Peck              ||     6
       Kick              ||     8
 Cast: Summon Small Mamm ||     9
  Use: Potion            ||     1
 Stab: Sleeping          ||     4
       Distracted        ||     1
Armor: Robe              ||     8
       Leather armour    ||     9
       Skin              ||     1
Dodge: Dodged            ||    52

Table legend: (Time is in decaauts)
 A = Elapsed time spent in this place.
 B = Non-inter-level travel time spent in this place.
 C = Inter-level travel time spent in this place.
 D = Time resting spent in this place.
 E = Time spent auto-exploring this place.
 F = Levels seen in this place.
 G = Mean time per level.
                   A        B        C        D        E       F      G
               +--------+--------+--------+--------+--------+-----+--------+
         Total |   1939 |   1920 |     19 |   1104 |    617 |   2 |  969.5 |
       Dungeon |   1939 |   1920 |     19 |   1104 |    617 |   2 |  969.5 |
               +--------+--------+--------+--------+--------+-----+--------+

Top non-repeatable levels by time:
     D:1: 1905 daAuts
     D:2: 34 daAuts
